Login

Flyers vs Mariners

Created - April 14, 2024 at 12:27

Goals
1 2 3 T
Flyers 0 0 1 1
Mariners 0 2 1 3
Shots
1 2 3 T
Flyers 11 8 7 26
Mariners 16 15 7 38

GoalsPenalties
1st period
No Goal
Nicholas Paul (GDA) for Delaying the game (Minor) at 6:56
Shitty-Kitty Gangbang (KIE) for Diving (Minor) at 9:53
Artem Zub (KIE) for Tripping (Minor) at 18:55
2nd period
1. Mariners , Ryan Graves 8 (Sean Monahan 28, Brandon Montour 27) at 2:19
2. Mariners , Nikita Zaitsev 2 (Nicholas Paul 5, Ricky Cumalot 37) at 17:53
Jeff Skinner (GDA) for Goalie Interference (Minor) at 4:16
Scott Laughton (KIE) for Roughing (Minor) at 15:48
3rd period
3. Flyers , Shitty-Kitty Gangbang 13 (Claude Giroux 33, Mathew Barzal 26) at 14:21
4. Mariners , Sean Monahan 17 (Ricky Cumalot 38, Marc Staal 8) at 19:38 (Empty Net)
Mats Zuccarello (GDA) for Hooking (Minor) at 1:49
Marc Staal (GDA) for Hooking (Minor) at 5:55
Marc Staal (GDA) for Charging (Minor) at 8:05
Claude Giroux (KIE) for Holding Stick (Minor) at 15:10
Goalie Stats
Antti Raanta (KIE), 35 saves from 37 shots - (0.946), L, 26-21-7, 59:42 minutes
Linus Ullmark (GDA), 25 saves from 26 shots - (0.962), W, 31-17-7, 60:00 minutes
3 StarsOfficial
1 - Sean Monahan (GDA)
2 - Ryan Graves (GDA)
3 - Nikita Zaitsev (GDA)
Referees : Unknown
Linesman : Unknown
Game Note
Sean Monahan has scored in a empty net!
Finance
Level 1 -- Attendance: 4983 (83.05%) -- Ticket Income $498,300
Level 2 -- Attendance: 4450 (89.00%) -- Ticket Income $244,750
Level 3 -- Attendance: 2000 (100.00%) -- Ticket Income $60,000
Level 4 -- Attendance: 3726 (93.15%) -- Ticket Income $74,520
Luxury Box -- Attendance: 1000 (100.00%) -- Ticket Income $200,000
Game was played at the The Shipyard.
Total Attendance: 16159 (89.77%)
Total Ticket Income: $1,077,570
Other Income: $431,028
Total Income: $1,508,598



Team Name Goals Shots Shots Attemp Shots Blocked PIM HIT PP PK FO%
Flyers 1265512890 / 5 (0%)050%
Mariners 33871910230 / 4 (0%)050%

Flyers
Player Name POS G A P +/- PIM HIT SHT SB MP PP MP PP SHT PK MP PK SHT FO% FOT
Alex KillornC/LW0000002015:041:3502:50029% 14
Alexander BarabanovLW/RW000000117:540:2600:0000% 1
Alexander KerfootC/LW0000000112:340:0005:0600% 0
Andrei SvechnikovLW/RW000-1000017:244:5300:00050% 2
Artem ZubD000-1200014:490:2600:0000% 0
Claude GirouxC/LW011-1211015:063:2000:00073% 15
Dmitry OrlovD000-2000221:465:0704:2700% 0
Ivan BarbashevC/LW/RW0000014113:070:2610:40033% 3
Jack EichelC000-1004017:315:0000:00055% 22
Joe PavelskiRW000-2001016:374:3600:00050% 2
Justin FaulkD0001011223:244:2203:2900% 0
Mathew BarzalC/LW011-1004016:234:3600:0000% 1
Nic DowdC0000010012:340:0005:06053% 15
Nikita ZadorovD000-1010215:450:2600:5500% 0
Ryan PulockD000-1001021:005:0713:5500% 0
Scott LaughtonC/LW0000221012:320:0002:10050% 4
Shitty-Kitty GangbangD1010225323:144:2223:0600% 0
Viktor ArvidssonRW0000001015:164:5310:00033% 3
Mariners
Player Name POS G A P +/- PIM HIT SHT SB MP PP MP PP SHT PK MP PK SHT FO% FOT
Adrian KempeC/LW/RW0001014020:073:5514:1000% 2
Brady SkjeiD0000011023:344:5614:5900% 0
Brandon MontourD0111012118:534:5621:5700% 0
Christopher TanevD0000021321:263:0014:4700% 0
Erik BrannstromD000000000:000:0000:0000% 0
Filip ChytilC/LW000000004:130:0000:00017% 6
James van RiemsdykLW/RW0001000014:540:0000:0000% 0
Jeff SkinnerLW0001225015:563:5510:0000% 1
Jonatan BerggrenC/LW/RW000001104:130:0000:000100% 1
Marc StaalD0111420319:210:0002:5300% 0
Mats ZuccarelloLW/RW0001213014:530:0000:0000% 0
Mika ZibanejadC0000015024:494:0115:35169% 32
Nicholas PaulC/LW0111221015:090:0000:16046% 13
Nikita ZaitsevD1010041012:370:0000:2000% 0
Patrik LaineLW/RW000-1013014:314:0110:0000% 0
Ricky CumalotLW/RW0220043020:404:0125:3900% 0
Ryan GravesD1012003224:073:0004:5400% 0
Sean MonahanC1122005020:373:5524:10141% 27

Flyers

5 vs 5 Forward
Line #Left WingCenterRight WingPHYDFOFWanted %Time %Time Play
1Andrei SvechnikovJack EichelIvan Barbashev1223029%12:01
2Mathew BarzalClaude GirouxJoe Pavelski1222828%11:47
3Scott LaughtonAlex KillornViktor Arvidsson1222625%10:23
4Alexander KerfootNic DowdAlexander Barabanov1221618%7:28
5 vs 5 Defense
Line #DefenseDefensePHYDFOFWanted %Time %Time Play
1Shitty-Kitty GangbangJustin Faulk1223026%10:52
2Ryan PulockDmitry Orlov1222828%11:42
3Nikita ZadorovArtem Zub1222635%14:24
4Shitty-Kitty GangbangJustin Faulk1221611%4:41
Power Play Forward
Line #Left WingCenterRight WingPHYDFOFWanted %Time %Time Play
1Andrei SvechnikovClaude GirouxViktor Arvidsson1225549%4:53
2Mathew BarzalJack EichelJoe Pavelski1224551%5:02
Power Play Defense
Line #DefenseDefensePHYDFOFWanted %Time %Time Play
1Shitty-Kitty GangbangJustin Faulk1225544%4:22
2Ryan PulockDmitry Orlov1224556%5:33
Penalty Kill 4 Players Forward
Line #CenterWingPHYDFOFWanted %Time %Time Play
1Nic DowdAlexander Kerfoot1225564%5:06
2Scott LaughtonAlex Killorn1224536%2:50
Penalty Kill 4 Players Defense
Line #DefenseDefensePHYDFOFWanted %Time %Time Play
1Shitty-Kitty GangbangDmitry Orlov1225556%4:27
2Ryan PulockJustin Faulk1224544%3:29
Penalty Kill 3 Players
Line #WingPHYDFOFWanted %Time %Time PlayDefenseDefensePHYDFOFWanted %Time %Time Play
1Scott Laughton122550%0:00 Shitty-Kitty GangbangDmitry Orlov122550%0:00
2Nic Dowd122450%0:00 Ryan PulockArtem Zub122450%0:00
4 vs 4 Forward
Line #CenterWingPHYDFOFWanted %Time %Time Play
1Claude GirouxAndrei Svechnikov122550%0:00
2Jack EichelViktor Arvidsson122450%0:00
4 vs 4 Defense
Line #DefensePHYDFOFWanted %Time %Time Play
1Shitty-Kitty GangbangDmitry Orlov122550%0:00
2Ryan PulockJustin Faulk122450%0:00
Last Minutes Offensive
Left WingCenterRight WingDefenseDefense
Andrei SvechnikovJack EichelJoe PavelskiShitty-Kitty GangbangDmitry Orlov
Last Minutes Defensive
Left WingCenterRight WingDefenseDefense
Alexander BarabanovAlexander KerfootNic DowdArtem ZubNikita Zadorov
Time
Total ForwardTotal DefenseLast Minutes OffensiveLast Minutes Defensive
60:00 60:00 0:300:00
Extra Forwards
Normal PowerPlayPenalty Kill
Ivan Barbashev, Alex Killorn, Alexander BarabanovMathew Barzal, Alex KillornIvan Barbashev
Extra Defensemen
Normal PowerPlayPenalty Kill
Nikita Zadorov, Shitty-Kitty Gangbang, Ryan PulockNikita Zadorov, Dmitry OrlovRyan Pulock
Penalty Shots
Jack Eichel, Andrei Svechnikov, Claude Giroux, Mathew Barzal, Joe Pavelski
Goalie
Antti Raanta, Frederik Andersen
Custom OT Lines Forwards
Jack Eichel, Andrei Svechnikov, Claude Giroux, Mathew Barzal, Joe Pavelski, Viktor Arvidsson, Alex Killorn, Alexander Barabanov, Scott Laughton, Nic Dowd
Custom OT Lines Defensemen
Shitty-Kitty Gangbang, Dmitry Orlov, Ryan Pulock, Justin Faulk, Nikita Zadorov
Scratches
Barclay Goodrow (Healthy), Ethan Bear (Healthy), Isac Lundestrom (Healthy)

Mariners

5 vs 5 Forward
Line #Left WingCenterRight WingPHYDFOFWanted %Time %Time Play
1Ricky CumalotMika ZibanejadPatrik Laine1223325%10:30
2Jeff SkinnerSean MonahanAdrian Kempe1223329%12:02
3Mats ZuccarelloNicholas PaulJames van Riemsdyk1222636%14:54
4Jonatan BerggrenFilip ChytilMika Zibanejad122810%4:13
5 vs 5 Defense
Line #DefenseDefensePHYDFOFWanted %Time %Time Play
1Ryan GravesBrandon Montour1223029%12:00
2Christopher TanevBrady Skjei1222833%13:39
3Nikita ZaitsevMarc Staal1222629%12:17
4Ryan GravesMarc Staal122169%3:43
Power Play Forward
Line #Left WingCenterRight WingPHYDFOFWanted %Time %Time Play
1Ricky CumalotMika ZibanejadPatrik Laine1135551%4:01
2Jeff SkinnerSean MonahanAdrian Kempe1134549%3:55
Power Play Defense
Line #DefenseDefensePHYDFOFWanted %Time %Time Play
1Brandon MontourBrady Skjei1135562%4:56
2Ryan GravesChristopher Tanev1134538%3:00
Penalty Kill 4 Players Forward
Line #CenterWingPHYDFOFWanted %Time %Time Play
1Mika ZibanejadRicky Cumalot1315558%5:45
2Sean MonahanAdrian Kempe1314542%4:10
Penalty Kill 4 Players Defense
Line #DefenseDefensePHYDFOFWanted %Time %Time Play
1Ryan GravesMarc Staal1315553%5:14
2Brady SkjeiChristopher Tanev1314547%4:41
Penalty Kill 3 Players
Line #WingPHYDFOFWanted %Time %Time PlayDefenseDefensePHYDFOFWanted %Time %Time Play
1Mika Zibanejad131550%0:00 Ryan GravesMarc Staal131550%0:00
2Sean Monahan131450%0:00 Brady SkjeiChristopher Tanev131450%0:00
4 vs 4 Forward
Line #CenterWingPHYDFOFWanted %Time %Time Play
1Mika ZibanejadRicky Cumalot122550%0:00
2Sean MonahanAdrian Kempe122450%0:00
4 vs 4 Defense
Line #DefensePHYDFOFWanted %Time %Time Play
1Ryan GravesMarc Staal122550%0:00
2Brady SkjeiChristopher Tanev122450%0:00
Last Minutes Offensive
Left WingCenterRight WingDefenseDefense
Ricky CumalotMika ZibanejadPatrik LaineBrandon MontourBrady Skjei
Last Minutes Defensive
Left WingCenterRight WingDefenseDefense
Ricky CumalotMika ZibanejadSean MonahanRyan GravesMarc Staal
Time
Total ForwardTotal DefenseLast Minutes OffensiveLast Minutes Defensive
60:00 60:00 0:000:30
Extra Forwards
Normal PowerPlayPenalty Kill
Sean Monahan, Filip Chytil, Nicholas PaulSean Monahan, Filip ChytilNicholas Paul
Extra Defensemen
Normal PowerPlayPenalty Kill
Ryan Graves, Brady Skjei, Brandon MontourRyan Graves, Brady SkjeiBrandon Montour
Penalty Shots
Mika Zibanejad, Ricky Cumalot, Patrik Laine, Jeff Skinner, Adrian Kempe
Goalie
Linus Ullmark, Anton Forsberg
Custom OT Lines Forwards
Mika Zibanejad, Ricky Cumalot, Patrik Laine, Jeff Skinner, Adrian Kempe, Mats Zuccarello, Sean Monahan, Filip Chytil, Nicholas Paul, James van Riemsdyk
Custom OT Lines Defensemen
Ryan Graves, Marc Staal, Nikita Zaitsev, Christopher Tanev, Brady Skjei
Scratches
Jesper Fast (Healthy), Logan Stanley (Healthy)


Play-by-Play

1st period


0:01 of 1st period - Mika Zibanejad wins face-off versus Jack Eichel in neutral zone.
0:22 of 1st period - Shot by Ivan Barbashev.
0:22 of 1st period - Stopped by Linus Ullmark without a rebound.
0:23 of 1st period - Sean Monahan wins face-off versus Claude Giroux in Mariners zone.
2:17 of 1st period - Shot by Alexander Barabanov.
2:17 of 1st period - Shot Misses the Net.
2:26 of 1st period - Alexander Barabanov is hit by Marc Staal and loses puck.
2:33 of 1st period - Shot by Alexander Kerfoot.
2:33 of 1st period - Deflect By Alexander Barabanov.
2:33 of 1st period - Shot Misses the Net.
2:35 of 1st period - Shot by Shitty-Kitty Gangbang.
2:35 of 1st period - Stopped by Linus Ullmark with a rebound.
3:07 of 1st period - Shot by Jack Eichel.
3:07 of 1st period - Stopped by Linus Ullmark without a rebound.
3:08 of 1st period - Claude Giroux wins face-off versus Filip Chytil in Mariners zone.
4:20 of 1st period - Mats Zuccarello is hit by Ivan Barbashev and loses puck.
4:35 of 1st period - Shot by Andrei Svechnikov.
4:35 of 1st period - Shot Misses the Net.
4:47 of 1st period - Icing by Ivan Barbashev.
4:48 of 1st period - Jack Eichel wins face-off versus Sean Monahan in Flyers zone.
5:26 of 1st period - Icing by Ryan Pulock.
5:27 of 1st period - Mika Zibanejad wins face-off versus Alex Killorn in Flyers zone.
5:56 of 1st period - Mika Zibanejad is hit by Nic Dowd and loses puck.
6:13 of 1st period - Shot by Alexander Barabanov.
6:13 of 1st period - Shot Blocked by Christopher Tanev.
6:15 of 1st period - Shot by Alexander Barabanov.
6:15 of 1st period - Stopped by Linus Ullmark without a rebound.
6:16 of 1st period - Claude Giroux wins face-off versus Nicholas Paul in Mariners zone.
6:16 of 1st period - Joe Pavelski is hit by Nikita Zaitsev and loses puck.
6:47 of 1st period - Shot by James van Riemsdyk.
6:47 of 1st period - Shot Misses the Net.
6:56 of 1st period - Minor Penalty to Nicholas Paul for Delaying the game.
6:57 of 1st period - Mika Zibanejad wins face-off versus Viktor Arvidsson in Mariners zone.
7:10 of 1st period - Shot by Sean Monahan.
7:10 of 1st period - Stopped by Antti Raanta without a rebound.
7:11 of 1st period - Mika Zibanejad wins face-off versus Jack Eichel in Flyers zone.
7:18 of 1st period - Shot by Mika Zibanejad.
7:18 of 1st period - Stopped by Antti Raanta without a rebound.
7:19 of 1st period - Mika Zibanejad wins face-off versus Andrei Svechnikov in Flyers zone.
8:12 of 1st period - Shot by Joe Pavelski.
8:12 of 1st period - Deflect By Jack Eichel.
8:12 of 1st period - Shot Blocked by Marc Staal.
8:14 of 1st period - Shot by Ryan Pulock.
8:14 of 1st period - Stopped by Linus Ullmark without a rebound.
8:15 of 1st period - Jack Eichel wins face-off versus Sean Monahan in Mariners zone.
8:21 of 1st period - Mathew Barzal is hit by Christopher Tanev and loses puck.
9:05 of 1st period - Icing by Nicholas Paul.
9:06 of 1st period - Nicholas Paul wins face-off versus Alex Killorn in Mariners zone.
9:06 of 1st period - Nicholas Paul is hit by Scott Laughton.
9:32 of 1st period - Shot by Alex Killorn.
9:32 of 1st period - Stopped by Linus Ullmark without a rebound.
9:33 of 1st period - Sean Monahan wins face-off versus Nic Dowd in Mariners zone.
9:50 of 1st period - Shot by Adrian Kempe.
9:50 of 1st period - Stopped by Antti Raanta with a rebound.
9:52 of 1st period - Shot by Jeff Skinner.
9:52 of 1st period - Stopped by Antti Raanta without a rebound.
9:53 of 1st period - Mika Zibanejad wins face-off versus Jack Eichel in Flyers zone.
9:53 of 1st period - Minor Penalty to Shitty-Kitty Gangbang for Diving.
9:54 of 1st period - Nic Dowd wins face-off versus Mika Zibanejad in Flyers zone.
9:54 of 1st period - Nic Dowd is hit by Ricky Cumalot.
10:12 of 1st period - Ryan Pulock is hit by Mika Zibanejad and loses puck.
10:27 of 1st period - Dmitry Orlov is hit by Ricky Cumalot and loses puck.
11:20 of 1st period - Shot by Jeff Skinner.
11:20 of 1st period - Shot Misses the Net.
11:22 of 1st period - Shot by Christopher Tanev.
11:22 of 1st period - Stopped by Antti Raanta without a rebound.
11:23 of 1st period - Mika Zibanejad wins face-off versus Scott Laughton in Flyers zone.
11:32 of 1st period - Shot by Mika Zibanejad.
11:32 of 1st period - Shot Blocked by Nikita Zadorov.
11:34 of 1st period - Shot by Mika Zibanejad.
11:34 of 1st period - Deflect By Ricky Cumalot.
11:34 of 1st period - Shot Misses the Net.
11:36 of 1st period - Shot by Mika Zibanejad.
11:36 of 1st period - Shot Misses the Net.
11:38 of 1st period - Shot by Mika Zibanejad.
11:38 of 1st period - Deflect By Ricky Cumalot.
11:38 of 1st period - Shot Misses the Net.
11:40 of 1st period - Shot by Brady Skjei.
11:40 of 1st period - Stopped by Antti Raanta without a rebound.
11:41 of 1st period - Nic Dowd wins face-off versus Sean Monahan in Flyers zone.
11:58 of 1st period - Icing by Nicholas Paul.
11:59 of 1st period - Jack Eichel wins face-off versus Nicholas Paul in Mariners zone.
11:59 of 1st period - Shitty-Kitty Gangbang is hit by Marc Staal.
12:18 of 1st period - Icing by Shitty-Kitty Gangbang.
12:19 of 1st period - Jack Eichel wins face-off versus Mika Zibanejad in Flyers zone.
12:30 of 1st period - Shot by Mika Zibanejad.
12:30 of 1st period - Stopped by Antti Raanta without a rebound.
12:31 of 1st period - Claude Giroux wins face-off versus Sean Monahan in Flyers zone.
12:40 of 1st period - Shot by Joe Pavelski.
12:40 of 1st period - Stopped by Linus Ullmark without a rebound.
12:41 of 1st period - Mika Zibanejad wins face-off versus Alex Killorn in Mariners zone.
13:57 of 1st period - Shot by Adrian Kempe.
13:57 of 1st period - Stopped by Antti Raanta without a rebound.
13:58 of 1st period - Jack Eichel wins face-off versus Nicholas Paul in Flyers zone.
13:58 of 1st period - Jack Eichel is hit by Nicholas Paul.
14:03 of 1st period - Andrei Svechnikov is hit by Mats Zuccarello.
14:05 of 1st period - Shot by Jack Eichel.
14:05 of 1st period - Stopped by Linus Ullmark without a rebound.
14:06 of 1st period - Nicholas Paul wins face-off versus Jack Eichel in Mariners zone.
14:26 of 1st period - Shot by Ivan Barbashev.
14:26 of 1st period - Stopped by Linus Ullmark without a rebound.
14:27 of 1st period - Mika Zibanejad wins face-off versus Claude Giroux in Mariners zone.
14:47 of 1st period - Shot by Claude Giroux.
14:47 of 1st period - Stopped by Linus Ullmark with a rebound.
14:57 of 1st period - Shot by Patrik Laine.
14:57 of 1st period - Stopped by Antti Raanta without a rebound.
14:58 of 1st period - Sean Monahan wins face-off versus Jack Eichel in Flyers zone.
14:59 of 1st period - Shot by Jeff Skinner.
14:59 of 1st period - Shot Misses the Net.
15:07 of 1st period - Shot by Jack Eichel.
15:07 of 1st period - Stopped by Linus Ullmark without a rebound.
15:08 of 1st period - Nicholas Paul wins face-off versus Nic Dowd in Mariners zone.
15:19 of 1st period - Shot by Mats Zuccarello.
15:19 of 1st period - Shot Blocked by Alexander Barabanov.
15:43 of 1st period - Shot by Mats Zuccarello.
15:43 of 1st period - Shot Blocked by Dmitry Orlov.
16:37 of 1st period - Shot by Ricky Cumalot.
16:37 of 1st period - Shot Misses the Net.
16:39 of 1st period - Shot by Ricky Cumalot.
16:39 of 1st period - Stopped by Antti Raanta without a rebound.
16:40 of 1st period - Claude Giroux wins face-off versus Adrian Kempe in Flyers zone.
16:47 of 1st period - Shot by Joe Pavelski.
16:47 of 1st period - Shot Misses the Net.
16:57 of 1st period - Shot by Adrian Kempe.
16:57 of 1st period - Deflect By Jeff Skinner.
16:57 of 1st period - Stopped by Antti Raanta with a rebound.
17:03 of 1st period - Shot by Jeff Skinner.
17:03 of 1st period - Stopped by Antti Raanta without a rebound.
17:04 of 1st period - Alex Killorn wins face-off versus Filip Chytil in Flyers zone.
17:04 of 1st period - Alex Killorn is hit by Jonatan Berggren.
17:14 of 1st period - Shot by Mika Zibanejad.
17:14 of 1st period - Shot Misses the Net.
17:38 of 1st period - Shot by Jonatan Berggren.
17:38 of 1st period - Stopped by Antti Raanta without a rebound.
17:39 of 1st period - Claude Giroux wins face-off versus Sean Monahan in Flyers zone.
17:39 of 1st period - Claude Giroux is hit by Jeff Skinner.
18:11 of 1st period - Shot by Sean Monahan.
18:11 of 1st period - Shot Blocked by Shitty-Kitty Gangbang.
18:15 of 1st period - Shot by Sean Monahan.
18:15 of 1st period - Deflect By Jeff Skinner.
18:15 of 1st period - Shot Misses the Net.
18:53 of 1st period - Shot by Mats Zuccarello.
18:53 of 1st period - Shot Blocked by Ivan Barbashev.
18:55 of 1st period - Shot by Ryan Graves.
18:55 of 1st period - Stopped by Antti Raanta without a rebound.
18:55 of 1st period - Minor Penalty to Artem Zub for Tripping.
18:56 of 1st period - Mika Zibanejad wins face-off versus Nic Dowd in Flyers zone.
19:29 of 1st period - Shot by Brandon Montour.
19:29 of 1st period - Stopped by Antti Raanta without a rebound.
19:30 of 1st period - Sean Monahan wins face-off versus Nic Dowd in Flyers zone.
19:52 of 1st period - Shot by Adrian Kempe.
19:52 of 1st period - Stopped by Antti Raanta without a rebound.
19:53 of 1st period - Mika Zibanejad wins face-off versus Scott Laughton in Flyers zone.
Goals for this period are 0 for Flyers vs 0 for Mariners.
Shots for this period are 11 for Flyers vs 16 for Mariners.

2nd period


0:01 of 2nd period - Nic Dowd wins face-off versus Mika Zibanejad in neutral zone.
0:19 of 2nd period - Ricky Cumalot is hit by Justin Faulk and loses puck.
0:30 of 2nd period - Shot by Ricky Cumalot.
0:30 of 2nd period - Stopped by Antti Raanta with a rebound.
0:40 of 2nd period - Shot by Brandon Montour.
0:40 of 2nd period - Shot Misses the Net.
0:42 of 2nd period - Shot by Patrik Laine.
0:42 of 2nd period - Shot Misses the Net.
1:17 of 2nd period - Jack Eichel is hit by Nikita Zaitsev and loses puck.
1:43 of 2nd period - Off-side.
1:44 of 2nd period - Sean Monahan wins face-off versus Joe Pavelski in neutral zone.
2:07 of 2nd period - Shot by Jeff Skinner.
2:07 of 2nd period - Stopped by Antti Raanta with a rebound.
2:17 of 2nd period - Shot by Sean Monahan.
2:17 of 2nd period - Shot Blocked by Dmitry Orlov.
2:19 of 2nd period - Shot by Ryan Graves.
2:19 of 2nd period - Goal by Ryan Graves - Flyers : 0 - Mariners : 1.
2:20 of 2nd period - Mika Zibanejad wins face-off versus Alex Killorn in neutral zone.
2:56 of 2nd period - Off-side.
2:57 of 2nd period - Jack Eichel wins face-off versus Nicholas Paul in neutral zone.
3:19 of 2nd period - Mats Zuccarello is hit by Nikita Zadorov and loses puck.
3:32 of 2nd period - Shot by Mats Zuccarello.
3:32 of 2nd period - Deflect By James van Riemsdyk.
3:32 of 2nd period - Shot Misses the Net.
3:34 of 2nd period - Shot by Marc Staal.
3:34 of 2nd period - Deflect By Mats Zuccarello.
3:34 of 2nd period - Stopped by Antti Raanta without a rebound.
3:35 of 2nd period - Claude Giroux wins face-off versus Adrian Kempe in Flyers zone.
3:35 of 2nd period - Claude Giroux is hit by Jeff Skinner.
3:40 of 2nd period - Shitty-Kitty Gangbang is hit by Christopher Tanev and loses puck.
3:49 of 2nd period - Shot by Adrian Kempe.
3:49 of 2nd period - Stopped by Antti Raanta without a rebound.
3:50 of 2nd period - Mika Zibanejad wins face-off versus Viktor Arvidsson in Flyers zone.
3:53 of 2nd period - Shot by Mika Zibanejad.
3:53 of 2nd period - Stopped by Antti Raanta without a rebound.
3:54 of 2nd period - Mika Zibanejad wins face-off versus Alex Killorn in Flyers zone.
3:55 of 2nd period - Shot by Patrik Laine.
3:55 of 2nd period - Shot Blocked by Shitty-Kitty Gangbang.
4:15 of 2nd period - Shot by Ricky Cumalot.
4:15 of 2nd period - Deflect By Patrik Laine.
4:15 of 2nd period - Stopped by Antti Raanta without a rebound.
4:16 of 2nd period - Jack Eichel wins face-off versus Sean Monahan in Flyers zone.
4:16 of 2nd period - Minor Penalty to Jeff Skinner for Goalie Interference.
4:17 of 2nd period - Mika Zibanejad wins face-off versus Jack Eichel in Mariners zone.
4:33 of 2nd period - Off-side.
4:34 of 2nd period - Viktor Arvidsson wins face-off versus Mika Zibanejad in neutral zone.
4:49 of 2nd period - Shot by Ryan Pulock.
4:49 of 2nd period - Shot Misses the Net.
5:25 of 2nd period - Icing by Claude Giroux.
5:26 of 2nd period - Sean Monahan wins face-off versus Claude Giroux in Flyers zone.
6:36 of 2nd period - Shot by Nicholas Paul.
6:36 of 2nd period - Stopped by Antti Raanta with a rebound.
7:53 of 2nd period - Off-side.
7:54 of 2nd period - Ivan Barbashev wins face-off versus Filip Chytil in neutral zone.
8:14 of 2nd period - Shot by Jack Eichel.
8:14 of 2nd period - Stopped by Linus Ullmark with a rebound.
8:22 of 2nd period - Shot by Andrei Svechnikov.
8:22 of 2nd period - Shot Misses the Net.
8:59 of 2nd period - Mathew Barzal is hit by Brandon Montour and loses puck.
9:28 of 2nd period - Shot by Mathew Barzal.
9:28 of 2nd period - Stopped by Linus Ullmark without a rebound.
9:29 of 2nd period - Sean Monahan wins face-off versus Alexander Barabanov in Mariners zone.
9:31 of 2nd period - Icing by Nikita Zaitsev.
9:32 of 2nd period - Nic Dowd wins face-off versus Sean Monahan in Mariners zone.
10:26 of 2nd period - Mathew Barzal is hit by Nikita Zaitsev and loses puck.
10:39 of 2nd period - Shot by Claude Giroux.
10:39 of 2nd period - Shot Misses the Net.
10:55 of 2nd period - Shot by Mathew Barzal.
10:55 of 2nd period - Stopped by Linus Ullmark without a rebound.
10:56 of 2nd period - Jack Eichel wins face-off versus Mika Zibanejad in Mariners zone.
11:13 of 2nd period - Ryan Pulock is hit by Ricky Cumalot and loses puck.
12:26 of 2nd period - Shot by Scott Laughton.
12:26 of 2nd period - Shot Blocked by Christopher Tanev.
12:56 of 2nd period - Shot by Ryan Graves.
12:56 of 2nd period - Stopped by Antti Raanta without a rebound.
12:57 of 2nd period - Jonatan Berggren wins face-off versus Nic Dowd in Flyers zone.
13:57 of 2nd period - Shot by Mathew Barzal.
13:57 of 2nd period - Stopped by Linus Ullmark with a rebound.
14:23 of 2nd period - Icing by Claude Giroux.
14:24 of 2nd period - Claude Giroux wins face-off versus Nicholas Paul in Flyers zone.
14:26 of 2nd period - Icing by Mathew Barzal.
14:27 of 2nd period - Claude Giroux wins face-off versus Nicholas Paul in Flyers zone.
15:04 of 2nd period - Shot by Andrei Svechnikov.
15:04 of 2nd period - Shot Misses the Net.
15:06 of 2nd period - Shot by Justin Faulk.
15:06 of 2nd period - Stopped by Linus Ullmark without a rebound.
15:07 of 2nd period - Mika Zibanejad wins face-off versus Alex Killorn in Mariners zone.
15:07 of 2nd period - Mika Zibanejad is hit by Scott Laughton.
15:48 of 2nd period - Minor Penalty to Scott Laughton for Roughing.
15:49 of 2nd period - Nic Dowd wins face-off versus Sean Monahan in Flyers zone.
15:55 of 2nd period - Icing by Sean Monahan.
15:56 of 2nd period - Nic Dowd wins face-off versus Sean Monahan in Mariners zone.
16:02 of 2nd period - Icing by Brandon Montour.
16:03 of 2nd period - Sean Monahan wins face-off versus Nic Dowd in Mariners zone.
16:34 of 2nd period - Shot by Sean Monahan.
16:34 of 2nd period - Stopped by Antti Raanta without a rebound.
16:35 of 2nd period - Mika Zibanejad wins face-off versus Ivan Barbashev in Flyers zone.
16:56 of 2nd period - Shot by Mika Zibanejad.
16:56 of 2nd period - Deflect By Patrik Laine.
16:56 of 2nd period - Stopped by Antti Raanta with a rebound.
16:58 of 2nd period - Shot by Ricky Cumalot.
16:58 of 2nd period - Shot Misses the Net.
17:00 of 2nd period - Shot by Christopher Tanev.
17:00 of 2nd period - Shot Misses the Net.
17:02 of 2nd period - Shot by Mika Zibanejad.
17:02 of 2nd period - Stopped by Antti Raanta without a rebound.
17:03 of 2nd period - Nic Dowd wins face-off versus Sean Monahan in Flyers zone.
17:23 of 2nd period - Shot by Adrian Kempe.
17:23 of 2nd period - Deflect By Jeff Skinner.
17:23 of 2nd period - Shot Blocked by Alexander Kerfoot.
17:35 of 2nd period - Shot by Sean Monahan.
17:35 of 2nd period - Stopped by Antti Raanta without a rebound.
17:36 of 2nd period - Mika Zibanejad wins face-off versus Ivan Barbashev in Flyers zone.
17:51 of 2nd period - Shot by Nicholas Paul.
17:51 of 2nd period - Shot Blocked by Nikita Zadorov.
17:53 of 2nd period - Shot by Nikita Zaitsev.
17:53 of 2nd period - Goal by Nikita Zaitsev - Flyers : 0 - Mariners : 2.
17:54 of 2nd period - Claude Giroux wins face-off versus Mika Zibanejad in neutral zone.
18:17 of 2nd period - Shot by Mathew Barzal.
18:17 of 2nd period - Shot Misses the Net.
18:19 of 2nd period - Shot by Shitty-Kitty Gangbang.
18:19 of 2nd period - Stopped by Linus Ullmark with a rebound.
18:27 of 2nd period - Shot by Joe Pavelski.
18:27 of 2nd period - Deflect By Mathew Barzal.
18:27 of 2nd period - Shot Misses the Net.
18:29 of 2nd period - Shot by Shitty-Kitty Gangbang.
18:29 of 2nd period - Shot Blocked by Marc Staal.
18:35 of 2nd period - Shot by Joe Pavelski.
18:35 of 2nd period - Shot Misses the Net.
18:49 of 2nd period - Shot by Andrei Svechnikov.
18:49 of 2nd period - Shot Blocked by Marc Staal.
18:51 of 2nd period - Shot by Ivan Barbashev.
18:51 of 2nd period - Shot Blocked by Ryan Graves.
18:53 of 2nd period - Shot by Ivan Barbashev.
18:53 of 2nd period - Stopped by Linus Ullmark without a rebound.
18:54 of 2nd period - Alex Killorn wins face-off versus Jeff Skinner in Mariners zone.
19:03 of 2nd period - Shot by Scott Laughton.
19:03 of 2nd period - Stopped by Linus Ullmark without a rebound.
19:04 of 2nd period - Nicholas Paul wins face-off versus Jack Eichel in Mariners zone.
19:09 of 2nd period - Jack Eichel is hit by Nicholas Paul and loses puck.
19:15 of 2nd period - Andrei Svechnikov is hit by Brady Skjei.
19:31 of 2nd period - Shot by Mats Zuccarello.
19:31 of 2nd period - Stopped by Antti Raanta with a rebound.
Goals for this period are 0 for Flyers vs 2 for Mariners.
Shots for this period are 8 for Flyers vs 15 for Mariners.

3rd period


0:01 of 3rd period - Mika Zibanejad wins face-off versus Jack Eichel in neutral zone.
0:06 of 3rd period - Shitty-Kitty Gangbang is hit by Patrik Laine and loses puck.
1:49 of 3rd period - Minor Penalty to Mats Zuccarello for Hooking.
1:50 of 3rd period - Mika Zibanejad wins face-off versus Jack Eichel in Mariners zone.
2:02 of 3rd period - Icing by Shitty-Kitty Gangbang.
2:03 of 3rd period - Jack Eichel wins face-off versus Mika Zibanejad in Flyers zone.
2:42 of 3rd period - Off-side.
2:43 of 3rd period - Mika Zibanejad wins face-off versus Claude Giroux in neutral zone.
3:17 of 3rd period - Sean Monahan is hit by Claude Giroux and loses puck.
3:39 of 3rd period - Shot by Justin Faulk.
3:39 of 3rd period - Shot Hit the Post.
3:41 of 3rd period - Shot by Shitty-Kitty Gangbang.
3:41 of 3rd period - Stopped by Linus Ullmark without a rebound.
3:42 of 3rd period - Claude Giroux wins face-off versus Sean Monahan in Mariners zone.
4:51 of 3rd period - Shot by Mathew Barzal.
4:51 of 3rd period - Shot Misses the Net.
5:16 of 3rd period - Sean Monahan is hit by Shitty-Kitty Gangbang and loses puck.
5:21 of 3rd period - Shot by Sean Monahan.
5:21 of 3rd period - Shot Misses the Net.
5:38 of 3rd period - Shot by Patrik Laine.
5:38 of 3rd period - Shot Blocked by Justin Faulk.
5:51 of 3rd period - Shitty-Kitty Gangbang is hit by Ricky Cumalot and loses puck.
5:55 of 3rd period - Minor Penalty to Marc Staal for Hooking.
5:56 of 3rd period - Alex Killorn wins face-off versus Mika Zibanejad in Mariners zone.
6:17 of 3rd period - Shot by Andrei Svechnikov.
6:17 of 3rd period - Shot Blocked by Christopher Tanev.
6:19 of 3rd period - Shot by Dmitry Orlov.
6:19 of 3rd period - Shot Misses the Net.
6:50 of 3rd period - Shot by Jack Eichel.
6:50 of 3rd period - Deflect By Alexander Barabanov.
6:50 of 3rd period - Shot Blocked by Brandon Montour.
7:06 of 3rd period - Shot by Ivan Barbashev.
7:06 of 3rd period - Stopped by Linus Ullmark without a rebound.
7:07 of 3rd period - Jack Eichel wins face-off versus Sean Monahan in Mariners zone.
7:12 of 3rd period - Shot by Viktor Arvidsson.
7:12 of 3rd period - Deflect By Jack Eichel.
7:12 of 3rd period - Shot Blocked by Ryan Graves.
8:01 of 3rd period - Alexander Barabanov is hit by Nikita Zaitsev and loses puck.
8:05 of 3rd period - Minor Penalty to Marc Staal for Charging.
8:06 of 3rd period - Mika Zibanejad wins face-off versus Mathew Barzal in Mariners zone.
8:20 of 3rd period - Icing by Shitty-Kitty Gangbang.
8:21 of 3rd period - Sean Monahan wins face-off versus Alex Killorn in Flyers zone.
8:21 of 3rd period - Sean Monahan is hit by Shitty-Kitty Gangbang.
8:27 of 3rd period - Shot by Adrian Kempe.
8:27 of 3rd period - Shot Blocked by Shitty-Kitty Gangbang.
9:16 of 3rd period - Shot by Andrei Svechnikov.
9:16 of 3rd period - Shot Misses the Net.
9:18 of 3rd period - Shot by Viktor Arvidsson.
9:18 of 3rd period - Stopped by Linus Ullmark without a rebound.
9:19 of 3rd period - Joe Pavelski wins face-off versus Sean Monahan in Mariners zone.
9:20 of 3rd period - Shot by Shitty-Kitty Gangbang.
9:20 of 3rd period - Stopped by Linus Ullmark without a rebound.
9:21 of 3rd period - Jack Eichel wins face-off versus Sean Monahan in Mariners zone.
9:32 of 3rd period - Shot by Shitty-Kitty Gangbang.
9:32 of 3rd period - Shot Misses the Net.
10:09 of 3rd period - Shot by Mathew Barzal.
10:09 of 3rd period - Deflect By Nic Dowd.
10:09 of 3rd period - Shot Misses the Net.
10:45 of 3rd period - Shot by Nicholas Paul.
10:45 of 3rd period - Shot Misses the Net.
11:52 of 3rd period - Shot by Mika Zibanejad.
11:52 of 3rd period - Stopped by Antti Raanta without a rebound.
11:53 of 3rd period - Jack Eichel wins face-off versus Filip Chytil in Flyers zone.
12:15 of 3rd period - Off-side.
12:16 of 3rd period - Nicholas Paul wins face-off versus Alex Killorn in neutral zone.
14:19 of 3rd period - Shot by Claude Giroux.
14:19 of 3rd period - Shot Misses the Net.
14:21 of 3rd period - Shot by Shitty-Kitty Gangbang.
14:21 of 3rd period - Goal by Shitty-Kitty Gangbang - Flyers : 1 - Mariners : 2.
14:22 of 3rd period - Filip Chytil wins face-off versus Alex Killorn in neutral zone.
14:44 of 3rd period - Shot by Viktor Arvidsson.
14:44 of 3rd period - Shot Misses the Net.
15:03 of 3rd period - Icing by Nikita Zaitsev.
15:04 of 3rd period - Claude Giroux wins face-off versus Filip Chytil in Mariners zone.
15:09 of 3rd period - Shot by Mathew Barzal.
15:09 of 3rd period - Stopped by Linus Ullmark with a rebound.
15:10 of 3rd period - Minor Penalty to Claude Giroux for Holding Stick.
15:11 of 3rd period - Sean Monahan wins face-off versus Nic Dowd in Flyers zone.
15:18 of 3rd period - Shot by Jeff Skinner.
15:18 of 3rd period - Stopped by Antti Raanta without a rebound.
15:19 of 3rd period - Nic Dowd wins face-off versus Sean Monahan in Flyers zone.
15:19 of 3rd period - Nic Dowd is hit by Adrian Kempe.
15:59 of 3rd period - Shot by Jeff Skinner.
15:59 of 3rd period - Shot Misses the Net.
16:33 of 3rd period - Shot by Ricky Cumalot.
16:33 of 3rd period - Stopped by Antti Raanta without a rebound.
16:34 of 3rd period - Scott Laughton wins face-off versus Mika Zibanejad in Flyers zone.
16:49 of 3rd period - Shot by Brandon Montour.
16:49 of 3rd period - Stopped by Antti Raanta without a rebound.
16:50 of 3rd period - Scott Laughton wins face-off versus Sean Monahan in Flyers zone.
17:38 of 3rd period - Shot by Mats Zuccarello.
17:38 of 3rd period - Stopped by Antti Raanta with a rebound.
17:40 of 3rd period - Shot by James van Riemsdyk.
17:40 of 3rd period - Shot Misses the Net.
18:16 of 3rd period - Shot by Patrik Laine.
18:16 of 3rd period - Shot Blocked by Justin Faulk.
18:18 of 3rd period - Shot by Patrik Laine.
18:18 of 3rd period - Shot Misses the Net.
18:34 of 3rd period - Shot by Ricky Cumalot.
18:34 of 3rd period - Shot Misses the Net.
18:36 of 3rd period - Shot by Ricky Cumalot.
18:36 of 3rd period - Shot Misses the Net.
19:08 of 3rd period - Shot by Sean Monahan.
19:08 of 3rd period - Stopped by Antti Raanta without a rebound.
19:09 of 3rd period - Andrei Svechnikov wins face-off versus Mika Zibanejad in Flyers zone.
19:20 of 3rd period - Flyers, Antti Raanta is pulled from the net.
19:22 of 3rd period - Shot by Dmitry Orlov.
19:22 of 3rd period - Shot Misses the Net.
19:24 of 3rd period - Shot by Alex Killorn.
19:24 of 3rd period - Stopped by Linus Ullmark without a rebound.
19:25 of 3rd period - Sean Monahan wins face-off versus Jack Eichel in Mariners zone.
19:38 of 3rd period - Shot by Sean Monahan.
19:38 of 3rd period - Goal by Sean Monahan - Flyers : 1 - Mariners : 3.
19:38 of 3rd period - Antti Raanta from Flyers was sent back in the game.
19:39 of 3rd period - Alex Killorn wins face-off versus Nicholas Paul in neutral zone.
19:45 of 3rd period - Off-side.
19:46 of 3rd period - Nicholas Paul wins face-off versus Alex Killorn in neutral zone.
Goals for this period are 1 for Flyers vs 1 for Mariners.
Shots for this period are 7 for Flyers vs 7 for Mariners.